 Dungeon Crawl Stone Soup version 0.30-a0-738-g116ff8c4af (webtiles) character file.

Game seed: 9124088653921937133

10175 IdlyInterested the Basher (level 11, -4/67 (80) HPs)
             Began as a Demonspawn Fighter on Feb 3, 2023.
             Slain by a gargoyle
             ... wielding a +0 mace of draining
              (16 damage)
             ... on level 10 of the Dungeon.
             The game lasted 00:32:43 (8805 turns).

IdlyInterested the Basher (Demonspawn Fighter)      Turns: 8805, Time: 00:32:43

HP:   -4/67 (80)    AC: 20    Str: 21    XL:     11   Next: 32%
MP:   11/11         EV:  9    Int: 15    God:
Gold: 765           SH:  5    Dex: 17    Spells: 10/10 levels left

rFire   . . .      SeeInvis .    G - +1 flail (drain)
rCold   + . .      Faith    .    c - +0 buckler
rNeg    . . .      Spirit   .    I - +3 chain mail {rC+}
rPois   .          Reflect  .    q - +0 helmet
rElec   .          Harm     .    z - +0 cloak
rCorr   .          Rampage  .    (no gloves)
Will    .....                    (no boots)
Stlth   +                        r - amulet of regeneration
HPRegen 1.11/turn                i - +4 ring of protection
MPRegen 0.24/turn                n - +6 ring of intelligence

@: mighty, heavily drained
A: hooves 2, thin skeletal structure 2, magic regeneration
a: no special abilities


You were on level 10 of the Dungeon.
You visited 2 branches of the dungeon, and saw 11 of its levels.
You also visited: Bailey.

You collected 765 gold pieces.

Inventory:

Hand Weapons
 u - a +2 hand axe of flaming
 E - a +0 whip of venom
 G - a +1 flail of draining (weapon)
 L - a +0 dire flail
 W - a +0 great mace
 X - a +1 whip of electrocution
Missiles
 g - 42 stones (quivered)
 A - 16 boomerangs
 D - 19 poisoned darts
 S - 6 javelins
Armour
 c - a +0 buckler (worn)
 m - a +0 plate armour
 q - a +0 helmet (worn)
 z - a +0 cloak (worn)
 I - a +3 chain mail of cold resistance (worn)
Jewellery
 i - a +4 ring of protection (left hand)
 n - a +6 ring of intelligence (right hand)
 o - a ring of positive energy
 r - an amulet of regeneration (around neck)
 t - a ring of ice
 y - a ring of fire
 T - a ring of ice
Wands
 h - a wand of iceblast (7)
 p - a wand of light (6)
 C - a wand of polymorph (1)
 Q - a wand of flame (9)
 V - a wand of digging (4)
 Y - a wand of paralysis (3)
Scrolls
 a - a scroll of magic mapping
 b - a scroll of summoning
 k - 6 scrolls of blinking
 w - 2 scrolls of vulnerability
 F - a scroll of enchant weapon
 K - a scroll of poison
 N - a scroll of teleportation
 R - a scroll of fog
 U - a scroll of amnesia {unknown}
Potions
 d - a potion of might
 e - 2 potions of heal wounds
 f - 2 potions of resistance
 j - 3 potions of attraction
 l - 2 potions of brilliance {unknown}
 s - 3 potions of berserk rage {unknown}
 v - 3 potions of lignification {unknown}
 x - 3 potions of curing {unknown}
 B - a potion of ambrosia {unknown}
 H - a potion of haste {unknown}
 J - 3 potions of flight
 M - 2 potions of cancellation {unknown}
Miscellaneous
 O - a tin of tremorstones (1/2)
 P - a condenser vane (inert)


   Skills:
 + Level 5.5 Fighting
 * Level 13.4 Maces & Flails
 - Level 1.0 Throwing
 - Level 8.0 Armour
 - Level 3.0 Dodging
 - Level 1.0 Stealth
 - Level 3.0 Shields
 - Level 1.0 Evocations


You had 10 spell levels left.
You didn't know any spells.
Your spell library contained the following spells:

 Spells                   Type           Power      Damage    Failure   Level
 Apportation              Tloc           0%         N/A       95%         1
 Kiss of Death            Conj/Necr      0%         2d5       95%         1
 Necrotise                Necr           0%         1d4       95%         1
 Sting                    Tmut/Pois      0%         1d3       95%         1
 Summon Small Mammal      Summ           0%         N/A       95%         1
 Poisonous Vapours        Pois/Air       0%         N/A       98%         2
 Confusing Touch          Hex            0%         N/A       100%        3
 Dazzling Flash           Conj/Hex       0%         N/A       100%        3
 Dispel Undead            Necr           0%         3d6       100%        4
 Iskenderun's Mystic Bla  Conj/Tloc      0%         2d3       100%        4
 Olgreb's Toxic Radiance  Pois           0%         N/A       100%        4
 Starburst                Conj/Fire      0%         6d3       100%        6


Dungeon Overview and Level Annotations

Branches:
Dungeon (10/15)            Temple (1/1) D:6             Orc (0/2) D:9
 Bailey (visited)
   Lair: D:8-11

Altars:
Ashenzari
Dithmenos
Fedhas
Gozag
Hepliaklqana
Kikubaaqudgha
Makhleb
Nemelex Xobeh
Okawaru
Qazlal
Ru
Sif Muna
Trog
Uskayaw
Vehumet
Wu Jian
Xom
Yredelemnul


Innate Abilities, Weirdness & Mutations

You have hoof-like feet.
You have a moderately thin skeletal structure. (Dex +4, Stealth++)
You regenerate magic rapidly.


Message History

You kick the gargoyle, but do no damage.
The gargoyle is heavily damaged.
You block the gargoyle's attack.
You barely miss the gargoyle.
The gargoyle is heavily damaged.
You hit the gargoyle but do no damage.
The gargoyle is heavily damaged.
The gargoyle hits you with a +0 mace of draining.
You feel drained.
You hit the gargoyle but do no damage.
The gargoyle is heavily damaged.
The gargoyle closely misses you.
You hit the gargoyle but do no damage. You kick the gargoyle.
The gargoyle is heavily damaged.
The gargoyle hits you with a +0 mace of draining!
You feel drained.
You hit the gargoyle but do no damage. Your kick misses the gargoyle.
The gargoyle is heavily damaged.
The gargoyle hits you with a +0 mace of draining!
* * * LOW HITPOINT WARNING * * *
You feel drained.
* * * LOW HITPOINT WARNING * * *
You closely miss the gargoyle. You kick the gargoyle.
The gargoyle is heavily damaged.
You feel very mighty all of a sudden.
The gargoyle hits you but does no damage.
You feel drained.
You sock the gargoyle! Your kick misses the gargoyle.
The gargoyle is severely damaged.
The gargoyle closely misses you.
You closely miss the gargoyle. You kick the gargoyle.
The gargoyle is severely damaged.
The gargoyle hits you with a +0 mace of draining!
* * * LOW HITPOINT WARNING * * *
You feel drained.
* * * LOW HITPOINT WARNING * * *
You hit the gargoyle but do no damage. Your kick misses the gargoyle.
The gargoyle is severely damaged.
The gargoyle hits you with a +0 mace of draining!
You die...

.####
#####
#####.....
#.........
#.<.......
#.........
#.@.......
#.9.......
#.........
######....
.... ...
..


You could see a gargoyle.

Vanquished Creatures
  Erica (D:8)
  3 two-headed ogres
  Pikel (D:9)
  Joseph (D:7)
  An unseen horror zombie (D:8)
  A slime creature (D:6)
  6 yaks (D:9)
  A steam dragon (D:6)
  6 orc warriors (Bailey)
  A swamp drake (D:6)
  4 sky beasts
  An ice beast (D:7)
  A black bear (D:4)
  3 ogres
  12 centaurs
  A phantom (D:6)
  7 bullfrogs
  2 kobold brigands (D:7)
  A wyvern zombie (D:8)
  7 necrophages
  A gnoll sergeant (D:7)
  2 scorpions
  13 wights
  3 howler monkeys
  A centaur zombie (D:8)
  4 orc priests
  Crazy Yiuf (D:7)
  8 jellies
  3 hounds
  4 iguanas
  Natasha (thrice) (D:3)
  4 orc wizards
  A killer bee zombie (D:8)
  Robin (D:3)
  7 gnolls
  10 adders
  A shadow imp (D:5)
  A white imp (D:8)
  A worm (D:2)
  2 dart slugs
  36 orcs
  2 bats
  27 endoplasms
  3 giant cockroaches
  15 goblins
  14 hobgoblins
  3 quokkas
  8 ball pythons
  4 frilled lizards
  22 kobolds
  7 rats
273 creatures vanquished.

Vanquished Creatures (collateral kills)
  A bat (D:2)
1 creature vanquished.

Vanquished Creatures (others)
  2 bushes (D:8)
  4 fungi (D:6)
  11 plants (D:8)
17 creatures vanquished.

Grand Total: 291 creatures vanquished

Notes
Turn   | Place    | Note
-------+----------+-------------------------------------------
     0 | D:1      | IdlyInterested the Demonspawn Fighter began the quest for
                  | the Orb.
     0 | D:1      | Reached XP level 1. HP: 18/18 MP: 1/1
   141 | D:1      | Reached skill level 2 in Maces & Flails
   312 | D:1      | Gained mutation: You regenerate magic rapidly. [demonic
                  | ancestry]
   312 | D:1      | Reached XP level 2. HP: 11/24 MP: 2/2
   897 | D:2      | Gained mutation: You have a somewhat thin skeletal
                  | structure. (Dex +2, Stealth+) [demonic ancestry]
   897 | D:2      | Reached XP level 3. HP: 29/29 MP: 3/3
  1756 | D:3      | Reached skill level 3 in Maces & Flails
  1816 | D:3      | Noticed Robin
  1825 | D:3      | Reached XP level 4. HP: 30/35 MP: 4/4
  1833 | D:3      | Killed Robin
  1839 | D:3      | Noticed Natasha
  1852 | D:3      | Killed Natasha
  1949 | D:3      | Found a faded altar of an unknown god.
  2349 | D:3      | Noticed Natasha
  2369 | D:3      | Killed Natasha
  2370 | D:3      | Gained mutation: You have large cloven feet. [demonic
                  | ancestry]
  2370 | D:3      | Reached XP level 5. HP: 40/41 MP: 5/5
  2698 | D:3      | Noticed Natasha
  2707 | D:3      | Killed Natasha
  2868 | D:4      | Noticed an ogre
  2879 | D:4      | Killed an ogre
  2880 | D:4      | Reached skill level 4 in Maces & Flails
  2885 | D:4      | Gained mutation: You have a moderately thin skeletal
                  | structure. (Dex +4, Stealth++) [demonic ancestry]
  2885 | D:4      | Reached XP level 6. HP: 17/48 MP: 6/6
  2957 | D:4      | Reached skill level 5 in Maces & Flails
  3005 | D:4      | Reached skill level 1 in Dodging
  3005 | D:4      | Reached XP level 7. HP: 29/54 MP: 7/7
  3120 | D:4      | Found a basalt altar of Yredelemnul.
  3194 | D:4      | Found a burning altar of Makhleb.
  3332 | D:4      | Reached skill level 6 in Maces & Flails
  3463 | D:5      | Entered Level 5 of the Dungeon
  3879 | D:5      | Reached skill level 7 in Maces & Flails
  3894 | D:5      | Reached XP level 8. HP: 60/60 MP: 8/8
  4002 | D:5      | Found a hazy altar of Hepliaklqana.
  4043 | D:5      | Found a hide-covered altar of Uskayaw.
  4101 | D:6      | Noticed Edmund
  4106 | D:6      | Edmund changed into Edmund the swamp drake
  4106 | D:6      | Noticed Edmund
  4112 | D:6      | Killed Edmund the swamp drake
  4113 | D:6      | Reached skill level 1 in Stealth
  4129 | D:6      | Reached skill level 1 in Evocations
  4419 | D:6      | Found a staircase to the Ecumenical Temple.
  4428 | Temple   | Entered the Ecumenical Temple
  4485 | D:6      | Reached skill level 8 in Maces & Flails
  4485 | D:6      | Reached skill level 1 in Throwing
  4525 | D:6      | Found a sparkling altar of Nemelex Xobeh.
  4697 | D:6      | Found a shadowy altar of Dithmenos.
  4707 | D:6      | You fall into a shaft and drop 1 floor!
  4800 | D:7      | Reached skill level 9 in Maces & Flails
  4807 | D:7      | Reached XP level 9. HP: 55/60 MP: 9/9
  4841 | D:7      | Found an iron altar of Okawaru.
  4854 | D:7      | Reached skill level 5 in Armour
  4989 | D:7      | Found a flagged portal.
  5039 | Bailey   | Entered a bailey
  5253 | Bailey   | Reached skill level 10 in Maces & Flails
  5621 | D:6      | Found a shimmering blue altar of Sif Muna.
  5622 | D:6      | Found an ornate altar of the Wu Jian Council.
  5624 | D:6      | Found a broken altar of Ashenzari.
  5627 | D:6      | Found a radiant altar of Vehumet.
  6136 | D:7      | Noticed Joseph
  6151 | D:7      | Killed Joseph
  6171 | D:7      | Reached skill level 11 in Maces & Flails
  6171 | D:7      | Gained mutation: You have hoof-like feet. [demonic
                  | ancestry]
  6171 | D:7      | Reached XP level 10. HP: 71/71 MP: 10/10
  6541 | D:7      | Found a runed translucent door.
  6542 | D:7      | Noticed Crazy Yiuf
  6770 | D:7      | Killed Crazy Yiuf
  6984 | D:8      | Noticed a two-headed ogre
  6998 | D:8      | Killed a two-headed ogre
  7058 | D:8      | Found a bloodstained altar of Trog.
  7422 | D:8      | Noticed Erica
  7431 | D:8      | Killed Erica
  7432 | D:8      | Reached skill level 12 in Maces & Flails
  7588 | D:8      | Found a blossoming altar of Fedhas.
  8088 | D:9      | Noticed Pikel
  8098 | D:9      | Killed Pikel
  8100 | D:9      | Reached XP level 11. HP: 17/77 MP: 11/11
  8110 | D:9      | Noticed a two-headed ogre
  8110 | D:9      | HP: 3/78 [centaur (1)]
  8119 | D:9      | Killed a two-headed ogre
  8120 | D:9      | Reached skill level 13 in Maces & Flails
  8290 | D:9      | Reached skill level 5 in Fighting
  8354 | D:9      | Found a staircase to the Orcish Mines.
  8455 | D:9      | Noticed a two-headed ogre
  8469 | D:9      | Killed a two-headed ogre
  8673 | D:10     | Entered Level 10 of the Dungeon
  8805 | D:10     | Slain by a gargoyle

Illustrated notes

Levels and vault maps discovered:
D:1:      heliophobic_arrival_ceremonial_halls, layout_loops_cross,
          serial_bayou_pond_e
D:2:      layout_basic
D:3:      layout_basic, hellmonk_ecumenical_altar_crossroads,
          minmay_misc_feat_plants, uniq_robin, uniq_natasha
D:4:      layout_basic, mainiacjoe_overflow_concentric_impassable,
          mainiacjoe_overflow_24_doors, nicolae_nh_ransacked_shop
D:5:      layout_rooms, lemuel_round_altar,
          nicolae_uskayaw_murder_on_the_dancefloor
D:6:      lemuel_slime, layout_gridville, nicolae_dithmenos_shadow_blocks,
          overflow_temple_1_default, minitemple, minmay_temple_entry_mist,
          hangedman_decor_peaks_small, minmay_misc_feat_diagonals, uniq_edmund
D:7:      layout_gridville, kennysheep_mini_moat, enter_bailey_2,
          david_defended_altar_orc, uniq_crazy_yiuf_cottage, uniq_joseph
D:8:      layout_loops_cross, fedhas_altar_decomposition, kennysheep_little_box,
          amcnicky_mini_corridor_feature, kennysheep_path_1, centaur_isle,
          uniq_erica
D:9:      layout_cave_pools, orc_0_dummy, st_stairs_12, uniq_pikel
D:10:     minmay_curly_fans, layout_gridville, cheibriados_altar_1
Temple:   nicolae_temple_ecumenical_triangle

Skill      XL: |  1  2  3  4  5  6  7  8  9 10 11 |
---------------+----------------------------------+-----
Maces & Flails | 2 3 4 5 7 9 11 12 13 | 13.4
Armour         | 3 4 6 8 |  8.0
Fighting       | 4 5 |  5.5
Shields        | 3 |  3.0
Dodging        | 1 2 3 |  3.0
Stealth        | 1 |  1.0
Evocations     | 1 |  1.0
Throwing       | 1 |  1.0

Action                     |  1- 3 |  4- 6 |  7- 9 | 10-12 || total
---------------------------+-------+-------+-------+-------++-------
  Melee: Flail             |   112 |   113 |   415 |   286 ||   926
         Kick              |       |    17 |   142 |   100 ||   259
  Throw: Stone             |       |     5 |    20 |    11 ||    36
         Dart              |       |       |     1 |       ||     1
  Evoke: Wand              |       |     2 |     4 |       ||     6
         Tin of tremorston |       |       |       |     1 ||     1
         Condenser vane    |       |       |       |     1 ||     1
    Use: Scroll            |     3 |     2 |     9 |     1 ||    15
         Potion            |       |     1 |     1 |     4 ||     6
 Armour: Scale mail        |    65 |     8 |       |       ||    73
         Chain mail        |       |   110 |   157 |   187 ||   454
         Plate armour      |       |       |    90 |       ||    90
  Dodge: Dodged            |    46 |    51 |   144 |   149 ||   390
  Block: Buckler           |    22 |    52 |    79 |    80 ||   233

Table legend: (Time is in decaauts)
 A = Elapsed time spent in this place.
 B = Non-inter-level travel time spent in this place.
 C = Inter-level travel time spent in this place.
 D = Time resting spent in this place.
 E = Time spent auto-exploring this place.
 F = Levels seen in this place.
 G = Mean time per level.
                   A        B        C        D        E       F      G
               +--------+--------+--------+--------+--------+-----+--------+
         Total |   8855 |   7300 |   1555 |    346 |   4056 |  12 |  737.9 |
       Dungeon |   8428 |   6873 |   1555 |    346 |   3958 |  10 |  842.8 |
        Temple |     43 |     43 |      0 |      0 |     32 |   1 |   43.0 |
        Bailey |    383 |    383 |      0 |      0 |     66 |   1 |  383.0 |
               +--------+--------+--------+--------+--------+-----+--------+

Top non-repeatable levels by time:
     D:3: 1440 daAuts
     D:7: 1289 daAuts
     D:8: 1100 daAuts
     D:6: 922 daAuts
     D:1: 843 daAuts
     D:4: 765 daAuts
     D:5: 744 daAuts
     D:9: 669 daAuts
     D:2: 628 daAuts
  Bailey: 383 daAuts
  Temple: 43 daAuts
    D:10: 24 daAuts
